PA-
FORT KNOX CENTENNIAL @ BEAUMONT CROSSBEAUS
05/31/2048
 
TOP OF THE 1ST
Fort Knox Centennial batting - Pitching for Beaumont Crossbeaus : RHP Javier Fernández
Pitching: RHP Javier Fernández
Batting: LHB Germán Romero 0-0: Foul Ball, location: 2F
0-1: Called Strike
0-2: Ground out U3 (Groundball, 3L, EV 107.5 MPH)
Batting: RHB Gabriel Tobías 0-0: Foul Ball, location: 2F
0-1: Ball
1-1: Foul Ball, location: 2F
1-2: SINGLE (Line Drive, 78M, EV 89.4 MPH)
Batting: RHB Lorenzo Osorio 0-0: Ball
1-0: Ball
2-0: SINGLE (Groundball, 6MD, EV 95.6 MPH)
Gabriel Tobías to second
Runner from 2nd tries for 3rd, SAFE, throw by CF made to third
Batting: RHB Tom van Dam 0-0: Swinging Strike
0-1: Ball
1-1: Fielders Choice at 2nd, 5-4 (Groundball, 5, EV 85.0 MPH)
Gabriel Tobías scores
Batting: RHB Fred Koch 0-0: Ball
1-0: Ball
Tom van Dam steals 2nd base
2-0: Ball
3-0: Called Strike
3-1: Fly out, F9 (Flyball, 89M, EV 90.6 MPH)
Top of the 1st over - 1 run, 2 hits, 0 errors, 1 left on base; Fort Knox 1 - Beaumont 0
BOTTOM OF THE 1ST
Beaumont Crossbeaus batting - Pitching for Fort Knox Centennial : RHP Aaron Houghton
Pitching: RHP Aaron Houghton
Batting: LHB Júlio Moreno 0-0: Ball
1-0: Ball
2-0: Swinging Strike
2-1: Ball
3-1: Called Strike
3-2: Foul Ball, location: 2F
3-2: Strikes out swinging
Batting: SHB Cheol-chung Yi 0-0: Hit by Pitch
Batting: RHB Kieron Mandala 0-0: Called Strike
0-1: SINGLE (Line Drive, 8LS, EV 105.0 MPH)
Cheol-chung Yi to second
Batting: RHB Graeme Wilshaw 0-0: Called Strike
0-1: Ball
1-1: SINGLE (Groundball, 25, EV 67.5 MPH) (infield hit)
Cheol-chung Yi to third
Kieron Mandala to second
Batting: LHB Alan Clark 0-0: Ball
1-0: Called Strike
1-1: Foul Ball, location: 2F
1-2: Ball
2-2: Strikes out swinging
Batting: RHB O-min Yi 0-0: Called Strike
0-1: Swinging Strike
0-2: Ball
1-2: Strikes out swinging
Bottom of the 1st over - 0 runs, 2 hits, 0 errors, 3 left on base; Fort Knox 1 - Beaumont 0
TOP OF THE 2ND
Fort Knox Centennial batting - Pitching for Beaumont Crossbeaus : RHP Javier Fernández
Batting: RHB Koji Sugisata 0-0: Called Strike
0-1: Swinging Strike
0-2: Strikes out swinging
Batting: RHB Ronman Arcilla 0-0: Ground out U3 (Groundball, 34, EV 89.4 MPH)
Batting: RHB Juan Begiga 0-0: Ball
1-0: Foul Ball, location: 2F
1-1: Ball
2-1: Foul Ball, location: 2F
2-2: Ball
3-2: SINGLE (Groundball, 6MD, EV 101.2 MPH)
Batting: RHB Gene Graham 0-0: Ball
1-0: Called Strike
1-1: Foul Ball, location: 2F
1-2: Ball
2-2: Ball
3-2: Base on Balls
Juan Begiga to second
Batting: LHB Germán Romero 0-0: Foul Ball, location: 2F
0-1: Called Strike
0-2: DOUBLE (Flyball, 89XD, EV 98.1 MPH)
Juan Begiga scores
Gene Graham to third
Runner from 3rd tries for Home, throw by CF and OUT! 8-4-2
Top of the 2nd over - 1 run, 2 hits, 0 errors, 1 left on base; Fort Knox 2 - Beaumont 0
BOTTOM OF THE 2ND
Beaumont Crossbeaus batting - Pitching for Fort Knox Centennial : RHP Aaron Houghton
Batting: LHB Qui-li Jin 0-0: Ball
1-0: Called Strike
1-1: Foul Ball, location: 2F
1-2: Ball
2-2: Ball
3-2: Strikes out swinging
Batting: RHB Leon Wright 0-0: SINGLE (Groundball, 13S, EV 68.8 MPH) (infield hit)
Batting: RHB Gregory Strickland 0-0: Called Strike
0-1: Swinging Strike
0-2: Strikes out swinging
Batting: LHB Júlio Moreno 0-0: Fly out, F9 (Flyball, 9, EV 87.5 MPH)
Bottom of the 2nd over - 0 runs, 1 hit, 0 errors, 1 left on base; Fort Knox 2 - Beaumont 0
TOP OF THE 3RD
Fort Knox Centennial batting - Pitching for Beaumont Crossbeaus : RHP Javier Fernández
Batting: RHB Gabriel Tobías 0-0: Foul Ball, location: 2F
0-1: Foul Ball, location: 2F
0-2: Ball
1-2: Ball
2-2: Ball
3-2: Foul Ball, location: 2F
3-2: Base on Balls
Batting: RHB Lorenzo Osorio 0-0: Ball
1-0: Ball
2-0: Ball
3-0: Called Strike
3-1: Fielders Choice at 2nd, 4-6 (Groundball, 4M, EV 101.2 MPH)
Batting: RHB Tom van Dam 0-0: Ball
1-0: Fielders Choice at 2nd, 1-6 (Groundball, 13S, EV 68.8 MPH)
Batting: RHB Fred Koch 0-0: Ball
1-0: Called Strike
1-1: Swinging Strike
1-2: Ball
2-2: Strikes out looking
Top of the 3rd over - 0 runs, 0 hits, 0 errors, 1 left on base; Fort Knox 2 - Beaumont 0
BOTTOM OF THE 3RD
Beaumont Crossbeaus batting - Pitching for Fort Knox Centennial : RHP Aaron Houghton
Batting: SHB Cheol-chung Yi 0-0: Ball
1-0: Ground out 3-1 (Groundball, 34, EV 86.9 MPH)
Batting: RHB Kieron Mandala 0-0: Called Strike
0-1: Ball
1-1: SINGLE (Groundball, 56D, EV 87.5 MPH) (infield hit)
Batting: RHB Graeme Wilshaw 0-0: SINGLE (Groundball, 34D, EV 100.0 MPH) (infield hit)
Kieron Mandala to second
Batting: LHB Alan Clark 0-0: Called Strike
0-1: Ball
1-1: Foul Ball, location: 2F
1-2: Fly out, F6 (Popup, 6, EV 60.6 MPH)
Batting: RHB O-min Yi 0-0: Called Strike
0-1: Called Strike
0-2: Ball
1-2: Fly out, F8 (Flyball, 78D, EV 85.6 MPH)
Bottom of the 3rd over - 0 runs, 2 hits, 0 errors, 2 left on base; Fort Knox 2 - Beaumont 0
TOP OF THE 4TH
Fort Knox Centennial batting - Pitching for Beaumont Crossbeaus : RHP Javier Fernández
Batting: RHB Koji Sugisata 0-0: Ball
1-0: Foul Ball, location: 2F
1-1: Swinging Strike
1-2: Strikes out swinging
Batting: RHB Ronman Arcilla 0-0: Ground out 6-3 (Groundball, 6, EV 85.0 MPH)
Batting: RHB Juan Begiga 0-0: Ball
1-0: Fly out, F5 (Popup, 56S, EV 83.8 MPH)
Top of the 4th over - 0 runs, 0 hits, 0 errors, 0 left on base; Fort Knox 2 - Beaumont 0
BOTTOM OF THE 4TH
Beaumont Crossbeaus batting - Pitching for Fort Knox Centennial : RHP Aaron Houghton
Batting: LHB Qui-li Jin 0-0: Ball
1-0: Ball
2-0: Called Strike
2-1: Ball
3-1: Base on Balls
Batting: RHB Leon Wright 0-0: Swinging Strike
0-1: Ball
1-1: Swinging Strike
1-2: Ball
2-2: Ball
3-2: Strikes out swinging
Qui-li Jin is caught stealing 2nd base 2-4
Batter strikes out.
Batting: RHB Gregory Strickland 0-0: Called Strike
0-1: Called Strike
0-2: Ball
1-2: Strikes out looking
Bottom of the 4th over - 0 runs, 0 hits, 0 errors, 0 left on base; Fort Knox 2 - Beaumont 0
TOP OF THE 5TH
Fort Knox Centennial batting - Pitching for Beaumont Crossbeaus : RHP Javier Fernández
Batting: RHB Gene Graham 0-0: Called Strike
0-1: Ball
1-1: Ball
2-1: Fly out, F9 (Flyball, 9LD, EV 99.4 MPH)
Batting: LHB Germán Romero 0-0: Ball
1-0: Called Strike
1-1: Ball
2-1: Fly out, F8 (Flyball, 89D, EV 98.8 MPH)
Batting: RHB Gabriel Tobías 0-0: Swinging Strike
0-1: Ball
1-1: Foul Ball, location: 2F
1-2: Ball
2-2: Foul Ball, location: 2F
2-2: Ball
3-2: SINGLE (Groundball, 25, EV 65.0 MPH) (infield hit)
Batting: RHB Lorenzo Osorio 0-0: Ball
1-0: Foul Ball, location: 2F
1-1: Fielders Choice at 2nd, 6-4 (Groundball, 6, EV 111.2 MPH)
Top of the 5th over - 0 runs, 1 hit, 0 errors, 1 left on base; Fort Knox 2 - Beaumont 0
BOTTOM OF THE 5TH
Beaumont Crossbeaus batting - Pitching for Fort Knox Centennial : RHP Aaron Houghton
Batting: LHB Júlio Moreno 0-0: Ground out 4-3 (Groundball, 4, EV 105.0 MPH)
Batting: SHB Cheol-chung Yi 0-0: Called Strike
0-1: Ball
1-1: Called Strike
1-2: Fly out, F9 (Flyball, 89D, EV 106.2 MPH)
Batting: RHB Kieron Mandala 0-0: Ball
1-0: Ball
2-0: Swinging Strike
2-1: Ball
3-1: Base on Balls
Batting: RHB Graeme Wilshaw 0-0: Ball
1-0: Called Strike
1-1: Ball
2-1: Foul Ball, location: 2F
2-2: Fly out, F7 (Flyball, 7D, EV 88.1 MPH)
Bottom of the 5th over - 0 runs, 0 hits, 0 errors, 1 left on base; Fort Knox 2 - Beaumont 0
TOP OF THE 6TH
Fort Knox Centennial batting - Pitching for Beaumont Crossbeaus : RHP Javier Fernández
Batting: RHB Tom van Dam 0-0: Called Strike
0-1: Ball
1-1: Fly out, F8 (Line Drive, 8LD, EV 95.0 MPH)
Pitching: LHP Takuma Ozawa
Batting: RHB Fred Koch 0-0: Fly out, F8 (Flyball, 8RXD, EV 92.5 MPH)
Batting: RHB Koji Sugisata 0-0: Ball
1-0: Foul Ball, location: 2F
1-1: Called Strike
1-2: Strikes out swinging
Top of the 6th over - 0 runs, 0 hits, 0 errors, 0 left on base; Fort Knox 2 - Beaumont 0
BOTTOM OF THE 6TH
Beaumont Crossbeaus batting - Pitching for Fort Knox Centennial : RHP Aaron Houghton
Batting: LHB Alan Clark 0-0: SINGLE (Line Drive, 89S, EV 85.0 MPH)
Pitching: RHP Dave Pickett
Batting: RHB O-min Yi 0-0: Ball
1-0: Ball
2-0: Ball
3-0: Base on Balls
Alan Clark to second
Batting: LHB Qui-li Jin 0-0: Called Strike
0-1: Hit by Pitch
Alan Clark to third
O-min Yi to second
Batting: RHB Leon Wright 0-0: Called Strike
0-1: Foul Ball, location: 2F
0-2: SINGLE (Line Drive, 78M, EV 98.1 MPH)
Alan Clark scores
O-min Yi to third
Qui-li Jin to second
Pinch Hitting: RHB Gustave Garavini 0-0: Ball
1-0: Swinging Strike
1-1: Foul Ball, location: 2F
1-2: Foul Ball, location: 2F
1-2: Ball
2-2: Foul Ball, location: 2F
2-2: Strikes out looking
Batting: LHB Júlio Moreno 0-0: Swinging Strike
0-1: Called Strike
0-2: Ball
1-2: Ball
2-2: Fly out, F9 (Flyball, 9LM, EV 91.9 MPH)
Batting: SHB Cheol-chung Yi 0-0: Ball
1-0: Ball
2-0: Called Strike
2-1: Ball
3-1: Foul Ball, location: 2F
3-2: SINGLE (Groundball, 4D, EV 106.9 MPH)
O-min Yi scores
Qui-li Jin to third
Leon Wright to second
Qui-li Jin scores
Leon Wright to third
Batting: RHB Kieron Mandala 0-0: Ball
1-0: Fly out, F8 (Flyball, 8RS, EV 89.4 MPH)
Bottom of the 6th over - 3 runs, 3 hits, 0 errors, 2 left on base; Fort Knox 2 - Beaumont 3
TOP OF THE 7TH
Fort Knox Centennial batting - Pitching for Beaumont Crossbeaus : LHP Takuma Ozawa
Now at SS: Bartolo Hernández
Batting: RHB Ronman Arcilla 0-0: Called Strike
0-1: Ball
1-1: Ball
2-1: Foul Ball, location: 2F
2-2: Foul Ball, location: 2F
2-2: Ground out 5-3 (Groundball, 56S, EV 63.8 MPH)
Batting: RHB Juan Begiga 0-0: Swinging Strike
0-1: Ball
1-1: Ball
2-1: DOUBLE (Line Drive, 89XD, EV 108.8 MPH)
Batting: RHB Gene Graham 0-0: Called Strike
0-1: Foul Ball, location: 2F
0-2: Ground out 4-3 (Groundball, 4, EV 93.1 MPH)
Juan Begiga to third
Batting: RHB Ánibal Ramos 0-0: Swinging Strike
0-1: Ball
1-1: Ball
2-1: Ground out 6-3 (Groundball, 6, EV 107.5 MPH)
Top of the 7th over - 0 runs, 1 hit, 0 errors, 1 left on base; Fort Knox 2 - Beaumont 3
BOTTOM OF THE 7TH
Beaumont Crossbeaus batting - Pitching for Fort Knox Centennial : RHP Dave Pickett
Batting: RHB Graeme Wilshaw 0-0: Foul Ball, location: 2F
0-1: Ball
1-1: Swinging Strike
1-2: Ball
2-2: Ball
3-2: Ground out 5-3 (Groundball, 56, EV 97.5 MPH)
Batting: LHB Alan Clark 0-0: Foul Ball, location: 2F
0-1: Called Strike
0-2: Strikes out looking
Batting: RHB O-min Yi 0-0: Fly out, F9 (Flyball, 9S, EV 86.2 MPH)
Bottom of the 7th over - 0 runs, 0 hits, 0 errors, 0 left on base; Fort Knox 2 - Beaumont 3
TOP OF THE 8TH
Fort Knox Centennial batting - Pitching for Beaumont Crossbeaus : LHP Takuma Ozawa
Batting: RHB Gabriel Tobías 0-0: Ball
1-0: Called Strike
1-1: Fly out, F9 (Flyball, 89D, EV 96.9 MPH)
Batting: RHB Lorenzo Osorio 0-0: Foul Ball, location: 2F
0-1: Fly out, F8 (Flyball, 8RS, EV 91.9 MPH)
Batting: RHB Tom van Dam 0-0: Ball
1-0: Called Strike
1-1: Called Strike
1-2: Foul Ball, location: 2F
1-2: Strikes out swinging
Top of the 8th over - 0 runs, 0 hits, 0 errors, 0 left on base; Fort Knox 2 - Beaumont 3
BOTTOM OF THE 8TH
Beaumont Crossbeaus batting - Pitching for Fort Knox Centennial : RHP Dave Pickett
Pitching: LHP Donald Scott
Batting: LHB Qui-li Jin 0-0: DOUBLE (Flyball, 89D, EV 99.4 MPH)
Batting: RHB Leon Wright 0-0: Ball
1-0: Ground out 5-3 (Groundball, 5S, EV 70.0 MPH)
Qui-li Jin to third
Batting: RHB Bartolo Hernández 0-0: Ball
1-0: Called Strike
1-1: Called Strike
1-2: Strikes out looking
Batting: LHB Júlio Moreno 0-0: Ball
1-0: Swinging Strike
1-1: Foul Ball, location: 2F
1-2: Ball
2-2: Strikes out swinging
Bottom of the 8th over - 0 runs, 1 hit, 0 errors, 1 left on base; Fort Knox 2 - Beaumont 3
TOP OF THE 9TH
Fort Knox Centennial batting - Pitching for Beaumont Crossbeaus : LHP Takuma Ozawa
Pitching: RHP Casey Parsons
Batting: RHB Fred Koch 0-0: DOUBLE (Flyball, 8LXD, EV 106.9 MPH)
Batting: RHB Koji Sugisata 0-0: Foul Ball, location: 2F
0-1: Ball
1-1: Swinging Strike
1-2: Strikes out swinging
Batting: RHB Ronman Arcilla 0-0: Ground out 6-3 (Groundball, 6M, EV 103.1 MPH)
Fred Koch to third
Batting: RHB Juan Begiga 0-0: Ball
1-0: Swinging Strike
1-1: Foul Ball, location: 2F
1-2: Foul Ball, location: 2F
1-2: Fly out, F8 (Flyball, 8RD, EV 100.0 MPH)
Top of the 9th over - 0 runs, 1 hit, 0 errors, 1 left on base; Fort Knox 2 - Beaumont 3
Monday, October 31st , 2022 - OOTP Baseball 22.12 Build 89